 Dungeon Crawl Stone Soup version 0.29.1-13-g9f3cf754e1 (webtiles) character file.

Game seed: 5812632845709543742

9471 javelincjr the Eclecticist (level 11, -2/57 HPs)
             Began as a Deep Elf Air Elementalist on Jan 21, 2023.
             Was an Elder of Sif Muna.
             Slain by an unseen horror simulacrum (19 damage)
             ... on level 9 of the Dungeon on Jan 22, 2023.
             The game lasted 01:18:24 (12862 turns).

javelincjr the Eclecticist (DEAE)                  Turns: 12862, Time: 01:18:25

Health: -2/57      AC:  8    Str: 13    XL:     11   Next: 23%
Magic:  18/32      EV: 13    Int: 23    God:    Sif Muna [****..]
Gold:   513        SH:  5    Dex: 15    Spells: 21/40 levels left

rFire   + . .      SeeInvis .   K - +6 short sword (freeze)
rCold   . . .      Faith    .   R - +2 buckler {reflect}
rNeg    . . .      Spirit   .   N - +1 robe {rF+}
rPois   +          Reflect  +   j - +0 helmet
rElec   .          Harm     .   T - +1 cloak
rCorr   .          Rampage  .   h - +0 pair of gloves
Will    ++...                   r - +1 pair of boots
Stlth   +++.......              d - amulet of regeneration
HPRegen 0.99/turn               a - +6 ring of strength
MPRegen 0.23/turn               H - ring of willpower

@: swift, quick
A: deformed body, poison resistance, MP-powered wands
a: Renounce Religion, Channel Magic, Forget Spell, Divine Exegesis


You were on level 9 of the Dungeon.
You worshipped Sif Muna.
Sif Muna was greatly pleased with you.
You visited 3 branches of the dungeon, and saw 11 of its levels.
You also visited: Ossuary and Bailey.

You collected 683 gold pieces.
You spent 170 gold pieces at shops.

Inventory:

Hand Weapons
 e - a +1 dagger of chaos
 g - a +1 rapier of draining
 w - a +0 dagger of venom
 y - a +2 short sword of venom
 K - a +6 short sword of freezing (weapon)
 L - the +6 mace of Obonuirr {flame, *Slow Dex+5}
   (You found it on level 7 of the Dungeon)

   It burns those it strikes, dealing additional fire damage.
   Dex:       It affects your dexterity (+5).
   *Slow:     It may slow you when you take damage.
 P - a +2 short sword of holy wrath
Missiles
 p - 4 throwing nets
 x - 3 javelins
 J - 7 curare-tipped darts
Armour
 h - a +0 pair of gloves (worn)
 j - a +0 helmet (worn)
 r - a +1 pair of boots (worn)
 B - +0 steam dragon scales
 I - a +1 robe of willpower
 N - a +1 robe of fire resistance (worn)
 R - a +2 buckler of reflection (worn)
 T - a +1 cloak (worn)
Magical Staves
 u - a staff of cold
 z - a staff of conjuration
 Q - a staff of fire
Jewellery
 a - a +6 ring of strength (left hand)
 d - an amulet of regeneration (around neck)
 v - an amulet of guardian spirit
 H - a ring of willpower (right hand)
Wands
 m - a wand of mindburst (13)
 s - a wand of digging (5)
 D - a wand of polymorph (12)
Scrolls
 c - 3 scrolls of fog
 i - 2 scrolls of poison
 C - 2 scrolls of teleportation
 F - a scroll of summoning
 G - 4 scrolls of fear
 M - a scroll of identify
 O - a scroll of amnesia
 S - a scroll of magic mapping
Potions
 b - a potion of magic
 f - 5 potions of curing
 l - 3 potions of brilliance
 n - 2 potions of might
 o - 4 potions of flight
 q - 4 potions of heal wounds
 t - 3 potions of haste
 A - 2 potions of cancellation
 E - a potion of invisibility


   Skills:
 + Level 2.2 Fighting
 + Level 0.9 Short Blades
 + Level 4.5 Dodging
 + Level 4.3 Stealth
 + Level 15.0 Spellcasting
 + Level 6.0 Conjurations
 + Level 11.4 Air Magic
 + Level 0.5 Poison Magic
 + Level 0.2 Evocations


You had 21 spell levels left.
You knew the following spells:

 Your Spells              Type           Power      Damage    Failure   Level
a - Shock                 Conj/Air       100%       1d9       1%          1
b - Static Discharge      Conj/Air       55%        3-10/arc  1%          2
c - Swiftness             Air            62%        N/A       1%          3
d - Airstrike             Air            31%        2d(5-21)  1%          4
e - Iskenderun's Battles  Conj           45%        2d10      11%         5
f - Poisonous Vapours     Pois/Air       88%        N/A       1%          2
g - Ensorcelled Hibernat  Hex/Ice        34%        N/A       7%          2

Your spell library contained the following spells:

 Spells                   Type           Power      Damage    Failure   Level
 Sting                    Tmut/Pois      72%        1d6       4%          1
 Call Imp                 Summ           17%        N/A       7%          2
 Call Canine Familiar     Summ           17%        N/A       14%         3
 Gell's Gravitas          Tloc           17%        N/A       14%         3
 Lesser Beckoning         Tloc           17%        N/A       14%         3
 Portal Projectile        Hex/Tloc       34%        N/A       14%         3
 Teleport Other           Tloc           17%        N/A       14%         3
 Olgreb's Toxic Radiance  Pois           19%        N/A       36%         4
 Leda's Liquefaction      Hex/Erth       8%         N/A       41%         4
 Polar Vortex             Ice            8%         N/A       100%        9


Dungeon Overview and Level Annotations

Branches:
Dungeon (9/15)             Temple (1/1) D:5            Lair (1/5) D:8
Ossuary (visited)          Bailey (visited)
    Orc: D:9-12

Altars:
Ashenzari
Cheibriados
Dithmenos
Elyvilon
Fedhas
Gozag
Hepliaklqana
Kikubaaqudgha
Makhleb
Nemelex Xobeh
Okawaru
Qazlal
Ru
Sif Muna
Trog
Uskayaw
Vehumet
Wu Jian
Xom
Yredelemnul
Zin
The Shining One
Lugonu

Shops:
D:3 ?   D:7 *


Innate Abilities, Weirdness & Mutations

Armour fits poorly on your strangely shaped body.
Your system is resistant to poisons. (rPois)
You expend magic power (3 MP) to strengthen your wands.


Message History

The steam dragon hisses angrily.
The unseen horror simulacrum hits you but does no damage.
The unseen horror simulacrum closely misses you.
A centaur comes into view.
The centaur warrior drinks a potion.
The centaur warrior is healed!
The centaur warrior looks more healthy.
The unseen horror simulacrum hits you.
The unseen horror simulacrum freezes you!
Unknown command.
Casting: Static Discharge (safe; 1% risk of failure)
Confirm with . or Enter, or press ? or * to list all spells.
You feel quick. The unseen horror simulacrum hits you.
The unseen horror simulacrum freezes you!
* * * LOW HITPOINT WARNING * * *
The centaur warrior shoots an arrow.
The arrow misses you.
The unseen horror simulacrum barely misses you.
A wraith comes into view.
The centaur warrior shoots an arrow.
You reflect the arrow off your +2 buckler of reflection!
The arrow hits the wyvern!
Things that are here:
a +0 dagger; a +0 robe You feel much better.
The wyvern bites you but does no damage.
Casting: Swiftness (safe; 1% risk of failure)
Confirm with . or Enter, or press ? or * to list all spells.
The wyvern is struck by an arc of lightning!
The wyvern is severely wounded.
You are struck by an arc of lightning.
The wyvern is struck by an arc of lightning!
You kill the wyvern!
Sif Muna accepts your kill.
You are struck by an arc of lightning.
The lightning grounds out.
The unseen horror simulacrum hits you.
The unseen horror simulacrum freezes you!
The unseen horror simulacrum barely misses you.
Your Conjurations skill increases to level 6!
The unseen horror simulacrum hits you.
* * * LOW HITPOINT WARNING * * *
The unseen horror simulacrum freezes you!!
You die...

#.#.#.#.....#
#.....####..#######.#
####### #........... .....#
#..#.#.#### .....#
#..##.#.#.# . .....#
#.....[..## ## .# .....###
#..####...##.# #D ..##...#
##..##.####..# . .
....##.## #.....@Z.c#.#.#
.W
+####...###.###+###c#.#Z#.#
....+.#.##..# #.)#..c.#
..#.###.#().# #..DW#
_.#.###.#)#.# #.####
..#.#.#)).#.# #..
....'..)#.#.# #.#
+#####..#...# #.#
....##.... ...


You could see a centaur warrior, a centaur and an unseen horror simulacrum.

Vanquished Creatures
  The ghost of Gadrel the Basher, a novice GrAM (D:5)
  A deep elf pyromancer (Bailey)
  Pikel (D:5)
  A lindwurm (Bailey)
  The ghost of mkat the Magician, a novice DrHW of Gozag (D:7)
  Psyche (D:8)
  Prince Ribbit (D:6)
  Sigmund (D:6)
  2 wraiths
  Eustachio (D:5)
  2 wyverns
  9 yaks
  A steam dragon (D:7)
  Edmund (D:4)
  An acid dragon (D:9)
  2 water moccasins
  Duvessa (D:4)
  A sky beast (D:7)
  12 orc warriors
  2 ice beasts (D:5)
  A black bear (D:6)
  2 ogres
  3 centaurs
  2 lemures
  A phantom (D:6)
  3 kobold brigands
  4 bullfrogs
  A necrophage (D:4)
  A gnoll sergeant (D:9)
  3 scorpions
  4 wights (D:7)
  Dowan (D:4)
  3 killer bees (D:8)
  6 hounds
  2 jellies
  A centaur zombie (D:6)
  2 centaur skeletons (D:6)
  Ijyb (D:5)
  Jessica (D:2)
  5 iguanas
  8 orc wizards
  A centaur simulacrum (D:6)
  A mummy (Ossuary)
  8 adders
  6 gnolls
  2 shadow imps
  2 ufetubi (D:6)
  A worm (D:4)
  3 dart slugs
  31 orcs
  5 ball pythons
  7 bats
  8 endoplasms
  3 giant cockroaches
  12 goblins
  7 hobgoblins
  6 jackals
  4 quokkas
  7 frilled lizards
  8 gnoll skeletons (Ossuary)
  35 kobolds
  7 kobold skeletons (Ossuary)
  10 orc skeletons (Ossuary)
  5 rats
277 creatures vanquished.

Vanquished Creatures (others)
  2 demonic plants (Temple)
  6 fungi (D:8)
  57 plants
65 creatures vanquished.

Grand Total: 342 creatures vanquished

Notes
Turn   | Place    | Note
-------+----------+-------------------------------------------
     0 | D:1      | javelincjr the Deep Elf Air Elementalist began the quest
                  | for the Orb.
     0 | D:1      | Reached XP level 1. HP: 10/10 MP: 6/6
   281 | D:1      | You fall into a shaft and drop 1 floor!
   282 | D:2      | Noticed Jessica
   419 | D:2      | Reached XP level 2. HP: 15/15 MP: 6/8
  1085 | D:1      | Reached XP level 3. HP: 19/19 MP: 7/9
  1257 | D:1      | Learned a level 2 spell: Static Discharge
  1261 | D:1      | Learned a level 3 spell: Swiftness
  1830 | D:1      | Found a faded altar of an unknown god.
  2015 | D:2      | Killed Jessica
  2016 | D:2      | Reached XP level 4. HP: 16/24 MP: 9/11
  2990 | D:3      | Found a snail-covered altar of Cheibriados.
  3018 | D:3      | Found a broken altar of Ashenzari.
  3226 | D:3      | Found Pufapp's Magic Scroll Boutique.
  3237 | D:3      | Bought a scroll of identify for 28 gold pieces
  3546 | D:4      | Noticed Duvessa
  3546 | D:4      | Noticed a scorpion
  3554 | D:4      | Killed a scorpion
  3555 | D:4      | Reached skill level 4 in Spellcasting
  3555 | D:4      | Reached XP level 5. HP: 25/28 MP: 7/13
  3738 | D:4      | Found a sparkling altar of Nemelex Xobeh.
  3820 | D:4      | Found a hazy altar of Hepliaklqana.
  3998 | D:4      | Reached skill level 5 in Air Magic
  4163 | D:4      | Learned a level 4 spell: Airstrike
  4252 | D:4      | Noticed Dowan
  4416 | D:4      | Killed Duvessa
  4417 | D:4      | Reached XP level 6. HP: 21/32 MP: 5/15
  4488 | D:4      | Killed Dowan
  4489 | D:4      | Reached skill level 5 in Spellcasting
  4624 | D:4      | Noticed Edmund
  5147 | D:4      | Found a shimmering blue altar of Sif Muna.
  5156 | D:4      | Got Sif Muna's Volume of the Commander
  5158 | D:4      | Became a worshipper of Sif Muna the Loreminder
  5185 | D:4      | Noticed an orc warrior
  5188 | D:4      | Killed an orc warrior
  5189 | D:4      | Reached skill level 6 in Spellcasting
  5189 | D:4      | Reached XP level 7. HP: 32/36 MP: 8/18
  5249 | D:4      | Found a bloodstained altar of Trog.
  5391 | D:4      | Killed Edmund
  5550 | D:5      | Entered Level 5 of the Dungeon
  5556 | D:5      | Reached skill level 7 in Spellcasting
  5858 | D:5      | Noticed Pikel
  5974 | D:5      | Killed Pikel
  5975 | D:5      | Reached skill level 1 in Fighting
  5975 | D:5      | Reached skill level 8 in Spellcasting
  5975 | D:5      | Reached XP level 8. HP: 13/43 MP: 12/22
  6058 | D:5      | Found a staircase to the Ecumenical Temple.
  6076 | Temple   | Entered the Ecumenical Temple
  6358 | Temple   | Gained mutation: Armour fits poorly on your strangely
                  | shaped body. [potion of mutation]
  6358 | Temple   | Gained mutation: Your system is resistant to poisons.
                  | (rPois) [potion of mutation]
  6358 | Temple   | Gained mutation: You expend magic power (3 MP) to
                  | strengthen your wands. [potion of mutation]
  6598 | D:5      | Noticed Eustachio
  6601 | D:5      | Killed Eustachio
  6688 | D:5      | Reached skill level 9 in Spellcasting
  6792 | D:5      | Found a glowing golden altar of the Shining One.
  6798 | D:5      | Noticed Ijyb
  6801 | D:5      | Killed Ijyb
  7330 | D:6      | Found a blossoming altar of Fedhas.
  7597 | D:6      | Reached skill level 10 in Spellcasting
  7597 | D:6      | Reached XP level 9. HP: 47/47 MP: 19/25
  7598 | D:6      | Reached * piety under Sif Muna
  7704 | D:6      | Noticed Prince Ribbit
  7738 | D:6      | Killed Prince Ribbit
  7932 | D:6      | Noticed Sigmund
  7934 | D:6      | Killed Sigmund
  7938 | D:6      | Reached skill level 11 in Spellcasting
  8120 | D:7      | Found a stormy altar of Qazlal.
  8221 | D:7      | Found a shadowy altar of Dithmenos.
  8430 | D:7      | Found a sand-covered staircase.
  8432 | D:7      | Found Marrymyr's CLEARANCE SALE!.
  8447 | D:7      | Bought the Directory of Damaging Firn for 126 gold pieces
  8447 | D:7      | Bought a wand of polymorph (4) for 16 gold pieces
  8453 | D:7      | Learned a level 5 spell: Iskenderun's Battlesphere
  8506 | Ossuary  | Entered an ossuary
  8542 | Ossuary  | Reached ** piety under Sif Muna
  8710 | Ossuary  | Reached skill level 12 in Spellcasting
  9054 | D:6      | Found a runed translucent gate.
  9099 | D:6      | Found a runed translucent gate.
  9102 | D:6      | Found a runed translucent gate.
  9103 | D:6      | Noticed Gadrel's ghost (novice GrAM)
  9433 | D:5      | Killed Gadrel's ghost
  9434 | D:5      | Reached XP level 10. HP: 49/52 MP: 8/28
  9582 | D:7      | Learned a level 2 spell: Poisonous Vapours
 10092 | D:7      | Found a runed translucent door.
 10094 | D:7      | Noticed mkat's ghost (novice DrHW)
 10105 | D:7      | Killed mkat's ghost
 10106 | D:7      | Reached skill level 5 in Conjurations
 10106 | D:7      | Reached skill level 10 in Air Magic
 10174 | D:7      | Identified the +6 mace of Obonuirr {flame, *Slow Dex+5}
 10279 | D:8      | Reached *** piety under Sif Muna
 10552 | D:8      | Found a flagged portal.
 10566 | Bailey   | Entered a bailey
 10613 | Bailey   | Reached skill level 13 in Spellcasting
 10944 | Bailey   | Noticed an orc knight
 10945 | Bailey   | Noticed a lindwurm
 10945 | Bailey   | an orc knight changed into a lindwurm
 10950 | Bailey   | Killed a lindwurm
 11017 | Bailey   | Found a large runed translucent door.
 11017 | Bailey   | Found a large runed translucent door.
 11017 | Bailey   | Noticed a deep elf pyromancer
 11117 | Bailey   | Killed a deep elf pyromancer
 11118 | Bailey   | Reached skill level 14 in Spellcasting
 11284 | D:8      | Noticed Psyche
 11287 | D:8      | Killed Psyche
 11439 | D:8      | Found a staircase to the Lair.
 11473 | D:8      | Found a burning altar of Makhleb.
 11548 | D:8      | Reached **** piety under Sif Muna
 12061 | D:8      | Reached XP level 11. HP: 44/57 MP: 18/31
 12324 | Lair:1   | Entered Level 1 of the Lair of Beasts
 12699 | D:9      | Found a white marble altar of Elyvilon.
 12780 | D:9      | Found an ancient bone altar of Kikubaaqudgha.
 12801 | D:9      | Learned a level 2 spell: Ensorcelled Hibernation
 12807 | D:9      | Reached skill level 15 in Spellcasting
 12849 | D:9      | Noticed a centaur warrior
 12862 | D:9      | Slain by an unseen horror simulacrum

Illustrated notes

Levels and vault maps discovered:
D:1:      dpeg_arrival_central, layout_basic,
          shapermc_ecumenical_altar_hornbeckon, minmay_pentomino_x4
D:2:      layout_loops_cross, uniq_jessica
D:3:      layout_basic, mainiacjoe_overflow_two_lobes, serial_aquarium,
          aquarium_bridge_island_small [aquarium_subvault_small_water,
          aquarium_subvault_window, aquarium_subvault_balcony,
          aquarium_subvault_bridge, aquarium_subvault_window],
          aquarium_bridge_square [aquarium_subvault_bridge,
          aquarium_subvault_window, aquarium_subvault_bridge,
          aquarium_subvault_window], aquarium_window_corridor_3,
          aquarium_window_corner, aquarium_window_double, aquarium_view_2a,
          aquarium_view_2e, serial_shops, shop, kennysheep_minor_cross
D:4:      layout_cave_pods, nzn_overflow_gifts_of_might_and_magic,
          nemelex_xobeh_ov_fountains_minmay, lemuel_doored_altar, uniq_edmund,
          uniq_duvessa
D:5:      layout_cave_pools, lemuel_tele_altar, minmay_temple_entry_arrows,
          uniq_pikel, uniq_ijyb, uniq_eustachio
D:6:      layout_basic, fedhas_altar_1, gammafunk_ghost_necromancy,
          uniq_sigmund, uniq_prince_ribbit1
D:7:      layout_basic, grunt_dithmenos_smoke_and_mirrors,
          mainiacjoe_overflow_alcove_1, ebering_ghost_inner_flame,
          enter_ossuary_1, nicolae_shop_clearance
D:8:      kennysheep_kobold_camp, layout_basic, old_standard_altar,
          dpeg_oklobed_lair, enter_bailey_4, uniq_psyche
D:9:      layout_rooms, kennysheep_little_box,
          mainiacjoe_overflow_six_doors_small, serial_shops, shop,
          minmay_shattered_shrine
Temple:   corrupted_temple
Lair:1:   layout_gridlike

Skill      XL: |  1  2  3  4  5  6  7  8  9 10 11 |
---------------+----------------------------------+-----
Air Magic      | 4 5 7 8 9 11 | 11.4
Dodging        | 3 4 |  4.5
Conjurations   | 2 3 4 5 6 |  6.0
Stealth        | 3 4 |  4.3
Spellcasting   | 4 6 8 10 12 14 15 | 15.0
Fighting       | 1 2 |  2.2
Short Blades   | |  0.9
Poison Magic   | |  0.5
Evocations     | |  0.2

Action                   |  1- 3 |  4- 6 |  7- 9 | 10-12 || total
-------------------------+-------+-------+-------+-------++-------
Melee: Rapier            |    27 |     6 |       |       ||    33
       Dagger            |       |     2 |       |       ||     2
       Short sword       |       |     3 |    23 |    75 ||   101
       Staff             |       |       |     3 |       ||     3
       Punch             |       |       |       |     1 ||     1
 Cast: Shock             |    54 |    79 |    72 |    77 ||   282
       Static Discharge  |       |    10 |    40 |    47 ||    97
       Airstrike         |       |    11 |    59 |    36 ||   106
       Swiftness         |       |       |     2 |     1 ||     3
       Iskenderun's Batt |       |       |     1 |     3 ||     4
       Poisonous Vapours |       |       |       |    24 ||    24
       Ensorcelled Hiber |       |       |       |     2 ||     2
Evoke: Wand              |       |       |       |     2 ||     2
  Use: Scroll            |       |    11 |     2 |     8 ||    21
       Potion            |       |       |     6 |     2 ||     8
 Stab: Sleeping          |     1 |     1 |       |       ||     2
       Distracted        |       |     1 |       |       ||     1
Armor: Robe              |     7 |     2 |    24 |    10 ||    43
       Steam dragon scal |       |       |       |    14 ||    14
Dodge: Dodged            |    20 |    22 |    60 |    57 ||   159
Block: Buckler           |       |       |       |    12 ||    12
       Reflection        |       |       |       |     4 ||     4
